 Dungeon Crawl Stone Soup version 0.29-a0-870-g2c972031a6 (webtiles) character file.

Game seed: 2201664424000463745

956 reriks the Sneak (level 7, -1/38 HPs)
             Began as a Spriggan Hunter on July 17, 2022.
             Killed from afar by Natasha (6 damage)
             ... with a puff of flame
             ... on level 4 of the Dungeon.
             The game lasted 00:13:49 (9556 turns).

reriks the Sneak (Spriggan Hunter)                  Turns: 9556, Time: 00:13:50

Health: -1/38      AC:  3    Str:  9    XL:     7   Next: 91%
Magic:  19/19      EV: 21    Int: 10    God:
Gold:   306        SH:  0    Dex: 19    Spells: 4/8 levels left

rFire   . . .      SeeInvis +   a - +0 shortbow
rCold   . . .      Faith    .   (shield currently unavailable)
rNeg    . . .      Spirit   .   c - +0 robe
rPois   .          Reflect  .   (helmet restricted)
rElec   .          Harm     .   i - +0 cloak
rCorr   .          Rampage  .   (gloves unavailable)
Will    +....                   (boots unavailable)
Stlth   ++++......              (no amulet)
HPRegen 0.12/turn               g - ring of magical power
MPRegen 0.16/turn               (no ring)

@: slowed, quick
A: very small, no large weapons, unfitting armour, see invisible, speed 3
a: no special abilities


You were on level 4 of the Dungeon.
You visited 1 branch of the dungeon, and saw 5 of its levels.

You collected 306 gold pieces.

Inventory:

Hand Weapons
 a - a +0 shortbow (weapon)
Missiles
 v - a throwing net
Armour
 c - a +0 robe (worn)
 i - a +0 cloak (worn)
Jewellery
 g - a ring of magical power (left hand)
 o - an amulet of faith
Wands
 p - a wand of roots (4)
 w - a wand of light (6)
Scrolls
 b - a scroll of immolation
 d - a scroll of amnesia {unknown}
 e - a scroll of teleportation
 f - 3 scrolls of fog {unknown}
 n - a scroll of fear {unknown}
 q - a scroll of noise {unknown}
 r - 4 scrolls of magic mapping {unknown}
 s - 3 scrolls of identify {unknown}
Potions
 h - a potion of degeneration {unknown}
 j - a potion of heal wounds {unknown}
 k - 3 potions of curing {unknown}
 l - a potion of brilliance {unknown}
 m - a potion of attraction {unknown}
 t - a potion of flight {unknown}
 u - 3 potions of haste


   Skills:
 * Level 4.4 Fighting
 + Level 5.7 Ranged Weapons
 + Level 6.1 Dodging
 + Level 6.5 Stealth
 - Level 1.4 Spellcasting
 - Level 1.7 Translocations


You had 4 spell levels left.
You knew the following spells:

 Your Spells              Type           Power      Damage    Failure   Level
a - Passage of Golubria   Tloc           4%         N/A       86%         4

Your spell library contained the following spells:

 Spells                   Type           Power      Damage    Failure   Level
 Sandblast                Erth           0%         2d4       32%         1
 Summon Small Mammal      Summ           0%         N/A       32%         1
 Ensorcelled Hibernation  Hex/Ice        0%         N/A       45%         2
 Passwall                 Tmut/Erth      0%         N/A       45%         2
 Call Canine Familiar     Summ           0%         N/A       69%         3
 Spider Form              Tmut/Pois      0%         N/A       69%         3
 Stone Arrow              Conj/Erth      0%         3d7       69%         3
 Summon Guardian Golem    Hex/Summ       0%         N/A       69%         3
 Tukima's Dance           Hex            0%         N/A       69%         3
 Anguish                  Hex/Necr       0%         N/A       97%         4
 Animate Dead             Necr           0%         N/A       97%         4
 Hailstorm                Conj/Ice       0%         3d3       97%         4
 Ice Form                 Ice/Tmut       0%         N/A       97%         4
 Yara's Violent Unravell  Hex/Tmut       0%         3d3       100%        5
 Simulacrum               Ice/Necr       0%         N/A       100%        6
 Haunt                    Necr/Summ      0%         N/A       100%        7
 Infestation              Necr           0%         N/A       100%        8


Dungeon Overview and Level Annotations

Branches:
Dungeon (5/15)
 Temple: D:4-7

Altars:

Shops:
D:5 *

Annotations:
D:4 4 runed translucent doors, Ijyb, Natasha


Innate Abilities, Weirdness & Mutations

You are very small and have problems with some larger weapons.
You are too small for most types of armour.
You have supernaturally acute eyesight. (SInv)
You cover ground extremely quickly. (Speed+++)


Message History

The orc priest invokes the aid of Beogh against you.
Beogh smites you!
An orc comes into view. It is wielding a +0 whip.
An orc comes into view.
It is wielding a +0 whip and wearing a +2 leather armour of fire resistance.
Really attack while wielding your +0 shortbow? [Y]es or [N]o only, please.
Really attack while wielding your +0 shortbow?
Okay, then.
An orc comes into view. It is wielding a +0 hand axe.
There is an open door here.
There is a stone staircase leading up here.
You climb upwards.
Level annotation: 4 runed translucent doors, Ijyb
There is a stone staircase leading down here.
You start resting.
HP restored.
Natasha, Servant of Life and Death comes into view.
She is carrying a wand of flame (8).
Natasha hisses angrily.
Natasha drinks a potion.
Natasha seems to speed up.
You shoot an arrow. The arrow hits Natasha.
Natasha is lightly wounded.
Natasha casts a spell at you. The magic dart hits you.
You shoot an arrow. The arrow barely misses Natasha.
Natasha zaps a wand.
The puff of flame hits you!
You shoot an arrow. The arrow closely misses Natasha.
Natasha stares at you and mumbles some strange words.
The magic dart hits you!
You are too injured to fight recklessly!
Natasha zaps a wand.
The puff of flame misses you. Natasha casts a spell at you.
You feel yourself slow down.
Natasha zaps a wand.
The puff of flame hits you!
Natasha growls.
Natasha casts a spell at you. The magic dart hits you!
* * * LOW HITPOINT WARNING * * *
Okay, then.
Natasha zaps a wand.
The puff of flame hits you.
You die...

................##.#
.#.#.#(#.#.#.#.#.....#
..................# #
..#.#.......#.# # #
#.###...##.##.#.####### # #
#..........##.#.......# # #####
#######.#........####.####
....###### #...###.##.####.....
##.......# #..@....##.##.......
##..####.# ##.#######.##.#..##.
....####.# #...# ###.##.#..##.
###...##.# #...# #.........###
..##..##.# #...# #.##.#..#.###
##.#..##.# #.h.# #.##.#..#....
...#.....#####...####.##......###
.#.#.)###.............##.##...###
##.#........รท>..........#.....)..


You could see Natasha (fast).

Vanquished Creatures
  Duvessa (D:5)
  An ice beast (D:5)
  A necrophage (D:5)
  Dowan (D:5)
  5 hounds (D:5)
  An orc priest (D:5)
  3 iguanas
  Terence (D:3)
  2 orc wizards
  Natasha (twice) (D:4)
  Robin (D:3)
  3 gnolls (D:5)
  10 adders
  A shadow imp (D:4)
  An ufetubus (D:5)
  A worm (D:2)
  3 dart slugs
  13 orcs
  5 ball pythons
  6 bats
  4 endoplasms
  2 giant cockroaches
  14 goblins
  8 hobgoblins
  11 jackals
  4 kobolds
  7 quokkas
  2 frilled lizards
  10 rats
124 creatures vanquished.

Notes
Turn   | Place    | Note
-------+----------+-------------------------------------------
     0 | D:1      | reriks the Spriggan Hunter began the quest for the Orb.
     0 | D:1      | Reached XP level 1. HP: 10/10 MP: 2/2
   303 | D:1      | Reached XP level 2. HP: 15/15 MP: 3/3
  1158 | D:1      | Reached XP level 3. HP: 18/18 MP: 4/4
  1402 | D:2      | Found a faded altar of an unknown god.
  2352 | D:2      | Reached XP level 4. HP: 23/23 MP: 5/5
  2444 | D:3      | Noticed Robin
  2975 | D:3      | Noticed Terence
  3019 | D:3      | Killed Terence
  3020 | D:3      | Reached XP level 5. HP: 27/27 MP: 6/6
  3433 | D:3      | Killed Robin
  3439 | D:3      | Learned a level 4 spell: Passage of Golubria
  4354 | D:4      | Noticed Natasha
  4365 | D:4      | Killed Natasha
  4366 | D:4      | Reached skill level 1 in Spellcasting
  4366 | D:4      | Reached skill level 1 in Translocations
  4606 | D:4      | Noticed Ijyb
  5199 | D:4      | Found a large runed translucent door.
  5199 | D:4      | Found a large runed translucent door.
  5425 | D:4      | Reached XP level 6. HP: 32/32 MP: 8/8
  5927 | D:4      | Found a large runed translucent door.
  5927 | D:4      | Found a large runed translucent door.
  6082 | D:4      | Noticed an orc warrior
  6082 | D:4      | Noticed an ice beast
  6195 | D:4      | Noticed Natasha
  6231 | D:4      | Noticed a yak
  6941 | D:5      | Entered Level 5 of the Dungeon
  7067 | D:5      | Noticed an ice beast
  7095 | D:5      | Reached skill level 5 in Ranged Weapons
  7310 | D:5      | Killed an ice beast
  7311 | D:5      | Reached skill level 5 in Dodging
  7311 | D:5      | Reached skill level 5 in Stealth
  7565 | D:5      | Reached XP level 7. HP: 36/36 MP: 10/10
  7684 | D:5      | Noticed Dowan
  7686 | D:5      | Noticed Duvessa
  7724 | D:5      | Killed Dowan
  7841 | D:5      | Found Pevoargh's CLEARANCE SALE!.
  8776 | D:5      | Killed Duvessa
  8833 | D:4      | Killed Natasha
  9540 | D:4      | Noticed Natasha
  9556 | D:4      | Killed from afar by Natasha

Illustrated notes

Levels and vault maps discovered:
D:1:      amcnicky_arrival_choice, layout_rooms
D:2:      layout_loops_cross, nicolae_ecumenical_pavilion,
          hangedman_decor_points, kennysheep_generic_room_6
D:3:      layout_loops_ring, minivault_26, amcnicky_mini_pool_small,
          roderic_roman_lattice, nicolae_figureground_pulse, uniq_robin,
          uniq_terence
D:4:      layout_loops_cross, hangedman_decor_riveting,
          minmay_hollow_rounded_squares, uniq_natasha, uniq_ijyb
D:5:      layout_basic, old_standard_altar, nrook_loot_triangle,
          nicolae_shop_clearance, uniq_duvessa

Skill      XL: |  1  2  3  4  5  6  7 |
---------------+----------------------+-----
Stealth        | 2 3 4 5 6 |  6.5
Dodging        | 3 4 5 6 |  6.1
Fighting       | 2 3 4 |  4.4
Spellcasting   | 1 |  1.4
Translocations | 1 |  1.7
Ranged Weapons | 5 |  5.7

Action                   |  1- 3 |  4- 6 |  7- 9 || total
-------------------------+-------+-------+-------++-------
 Fire: Shortbow          |   118 |   224 |   125 ||   467
Evoke: Wand              |       |       |     7 ||     7
  Use: Scroll            |       |     1 |       ||     1
Armor: Robe              |     2 |     7 |     2 ||    11
Dodge: Dodged            |    25 |    69 |    31 ||   125

Table legend: (Time is in decaauts)
 A = Elapsed time spent in this place.
 B = Non-inter-level travel time spent in this place.
 C = Inter-level travel time spent in this place.
 D = Time resting spent in this place.
 E = Time spent auto-exploring this place.
 F = Levels seen in this place.
 G = Mean time per level.
                   A        B        C        D        E       F      G
               +--------+--------+--------+--------+--------+-----+--------+
         Total |   8016 |   7732 |    284 |   4749 |   1696 |   5 | 1603.2 |
       Dungeon |   8016 |   7732 |    284 |   4749 |   1696 |   5 | 1603.2 |
               +--------+--------+--------+--------+--------+-----+--------+

Top non-repeatable levels by time:
     D:4: 2062 daAuts
     D:5: 1953 daAuts
     D:3: 1893 daAuts
     D:1: 1239 daAuts
     D:2: 868 daAuts
